 Dungeon Crawl Stone Soup version 0.21-a0-509-gecc5317 (webtiles) character file.

306 slep the Chopper (level 6, -5/46 HPs)
             Began as a Demonspawn Gladiator on Dec 1, 2017.
             Killed by nerve-wracking pain
             ... invoked by zazu2006's ghost
              (13 damage)
             ... on level 4 of the Dungeon.
             The game lasted 00:08:31 (2170 turns).

slep the Chopper (Demonspawn Gladiator)             Turns: 2170, Time: 00:08:32

Health: -5/46      AC:  9    Str: 15    XL:     6   Next: 16%
Magic:  6/6        EV: 10    Int:  9    God:
Gold:   129        SH:  8    Dex: 18    Spells: 5/5 levels left

rFire    . . .     SeeInvis +   a - +0 war axe
rCold    . . .     Gourm    .   n - +0 shield (curse)
rNeg     . . .     Faith    .   m - +0 ring mail
rPois    .         Spirit   .   c - +0 helmet
rElec    .         Reflect  .   (no cloak)
rCorr    .         Harm     .   (no gloves)
MR       .....                  r - +2 pair of boots
Stlth    ++........             h - amulet of rage
HPRegen  0.15/turn              l - ring of wizardry
MPRegen  0.10/turn              p - ring of see invisible

@: no status effects
A: thin skeletal structure 1, powered by death 1
a: Evoke Berserk Rage


You were on level 4 of the Dungeon.
You were hungry.

You visited 1 branch of the dungeon, and saw 4 of its levels.

You collected 129 gold pieces.

Inventory:

Hand Weapons
 a - a +0 war axe (weapon)
Missiles
 d - 3 throwing nets (quivered)
Armour
 b - a +0 leather armour
 c - a +0 helmet (worn)
 m - a +0 ring mail (worn)
 n - a cursed +0 shield (worn)
 r - a +2 pair of boots (worn)
Jewellery
 h - an amulet of rage (around neck)
 l - a ring of wizardry (left hand)
 o - an uncursed ring of flight
 p - a ring of see invisible (right hand)
Scrolls
 g - 4 scrolls of identify {unknown}
 j - a scroll of enchant weapon {unknown}
 q - a scroll of remove curse {unknown}
 u - a scroll of magic mapping {unknown}
 w - 2 scrolls of teleportation {unknown}
 x - a scroll of amnesia {unknown}
 y - a scroll of blinking {unknown}
 z - a scroll of fog {unknown}
 A - a scroll of noise {unknown}
Potions
 i - a potion of flight
Comestibles
 f - a bread ration
 k - a royal jelly
 v - 2 meat rations
 B - 3 fruits


   Skills:
 + Level 2.7 Fighting
 + Level 4.5 Axes
 + Level 1.8 Throwing
 + Level 2.0 Armour
 + Level 3.9 Dodging
 + Level 0.3 Stealth
 + Level 1.1 Shields


You had 5 spell levels left.
You didn't know any spells.

Dungeon Overview and Level Annotations

Branches:
Dungeon (4/15)
 Temple: D:4-7

Altars:
Cheibriados
Elyvilon
Uskayaw
Wu Jian
Xom
Zin

Annotations:
D:4 zazu2006's ghost, amateur DDNe


Innate Abilities, Weirdness & Mutations

You have a somewhat thin skeletal structure. (Dex +2, Stealth)
You regenerate a little health from kills.


Message History

Zazu2006's ghost hits you but does no damage.
You hit zazu2006's ghost.
Zazu2006's ghost is severely damaged.
Zazu2006's ghost hits you but does no damage.
You block zazu2006's ghost's attack.
You slash zazu2006's ghost!
Zazu2006's ghost is severely damaged.
You feel yourself speed up. Zazu2006's ghost barely misses you.
Zazu2006's ghost hits you.
* * * LOW HITPOINT WARNING * * *
You hit zazu2006's ghost but do no damage.
Zazu2006's ghost is severely damaged.
You feel less wooden.
Your +0 helmet unmelds from your body.
Your +2 pair of boots unmelds from your body.
Your +0 ring mail unmelds from your body.
Zazu2006's ghost whispers, "It is all a dream - a grotesque and foolish dream."
Zazu2006's ghost casts a spell at you. Pain shoots through your body!
You die...

# ./ #.# ..
#.#######.#
#....>....##
#..........#.
##............
#####......)...(..
#........)@W......
#<###.....))...###
#..##.####?......#
##..#.# ###...)..
#.#.# .#.... ....
.#.##. .... # #
.... (....


You could see zazu2006's ghost.

Vanquished Creatures
  A scorpion (D:2)
  A jelly (D:3)
  2 orc wizards (D:4)
  A gnoll (D:1)
  8 adders
  2 oozes
  An adder skeleton (D:2)
  A worm (D:2)
  A dart slug (D:1)
  4 leopard geckos
  8 orcs
  8 bats
  3 giant cockroaches
  4 goblins
  3 hobgoblins (D:3)
  3 jackals (D:1)
  A quokka (D:3)
  A ball python (D:3)
  6 frilled lizards
  5 kobolds
  5 rats
69 creatures vanquished.

Notes
Turn   | Place    | Note
-------+----------+-------------------------------------------
     0 | D:1      | slep the Demonspawn Gladiator began the quest for the Orb.
     0 | D:1      | Reached XP level 1. HP: 16/16 MP: 1/1
   112 | D:1      | Reached skill level 3 in Axes
   125 | D:1      | Gained mutation: You regenerate a little health from kills. [demonic ancestry]
   125 | D:1      | Reached XP level 2. HP: 22/22 MP: 2/2
   722 | D:1      | Reached XP level 3. HP: 14/27 MP: 3/3
   881 | D:2      | Reached skill level 1 in Armour
  1126 | D:2      | Reached XP level 4. HP: 31/33 MP: 4/4
  1300 | D:2      | Gained mutation: You have a somewhat thin skeletal structure. (Dex +2, Stealth) [demonic ancestry]
  1300 | D:2      | Reached XP level 5. HP: 36/39 MP: 5/5
  1350 | D:2      | Found a white marble altar of Elyvilon.
  1350 | D:2      | Found a hide-covered altar of Uskayaw.
  1363 | D:2      | Found a glowing silver altar of Zin.
  1365 | D:2      | Found a snail-covered altar of Cheibriados.
  1367 | D:2      | Found a shimmering altar of Xom.
  1424 | D:2      | Reached skill level 4 in Axes
  1806 | D:3      | Reached skill level 1 in Shields
  2012 | D:3      | Found an ornate altar of the Wu Jian Council.
  2151 | D:4      | Noticed zazu2006's ghost (amateur DDNe)
  2158 | D:4      | Reached XP level 6. HP: 21/46 MP: 6/6
  2170 | D:4      | Killed from afar by zazu2006's ghost

Vault maps used:
D:1:      mrwooster_arrival_statue_3
D:2:      chequers_temple_overflow_minitemple
D:3:      lemuel_coloured_pillars_altar
D:4:      first_bread, serial_shops, nicolae_shop_competitors_out_of_business

Skill      XL: |  1  2  3  4  5 |
---------------+----------------+-----
Axes           | 3 4 |  4.5
Dodging        | 3 |  3.9
Armour         | 1 2 |  2.0
Shields        | 1 |  1.1
Fighting       | |  2.7
Throwing       | |  1.8
Stealth        | |  0.3

Action                   |  1- 3 |  4- 6 || total
-------------------------+-------+-------++-------
Melee: War axe           |    96 |   164 ||   260
  Use: Potion            |       |     3 ||     3
 Stab: Distracted        |       |     1 ||     1
       Sleeping          |       |     1 ||     1
  Eat: Chunk             |     1 |     3 ||     4
Armor: Leather armour    |    24 |       ||    24
       Ring mail         |    21 |    94 ||   115
       Skin              |       |    24 ||    24
Dodge: Dodged            |    92 |    92 ||   184
Block: Shield            |     6 |    89 ||    95

Table legend:
 A = Spawn XP
 B = Non-spawn XP
 C = Spawn XP percentage of total XP
 D = Spawn monster count
 E = Non-spawn monster count
 F = Spawn count percentage of total count
 G = Total turns spent on level
                    A         B        C        D         E        F      G
               +---------+---------+-------+---------+---------+-------+---------
         Total |       0 |     438 |   0.0 |       0 |      69 |   0.0 |  2170
               +---------+---------+-------+---------+---------+-------+---------
           D:1 |       0 |      51 |   0.0 |       0 |      20 |   0.0 |   862
           D:2 |       0 |     165 |   0.0 |       0 |      19 |   0.0 |   635
           D:3 |       0 |     129 |   0.0 |       0 |      25 |   0.0 |   640
           D:4 |       0 |      93 |   0.0 |       0 |       5 |   0.0 |    33
               +---------+---------+-------+---------+---------+-------+---------
